 Dungeon Crawl Stone Soup version 0.31.0-11-ge490571c62 (webtiles) character file.

Game seed: 13667711381873206345

176 qw the Skirmisher (level 5, 0/29 HPs)
             Began as a Deep Elf Hunter on Feb 4, 2024.
             Succumbed to Terence's poison
             ... on level 3 of the Dungeon.
             The game lasted 00:00:06 (1944 turns).

qw the Skirmisher (Deep Elf Hunter)                 Turns: 1944, Time: 00:00:07

Health: 0/29       AC:  4    Str: 10    XL:     5   Next: 30%
Magic:  7/7        EV: 12    Int: 14    God:
Gold:   45         SH:  0    Dex: 18    Spells: 4/4 levels left

rFire   . . .        a - +0 shortbow
rCold   . . .        (shield currently unavailable)
rNeg    . . .        c - +0 leather armour
rPois   .            (no helmet)
rElec   .            (no cloak)
rCorr   .            e - +0 pair of gloves
SInv    .            (no boots)
Will    .....        (no amulet)
Stlth   ++           (no ring)
HPRegen 0.24/turn    (no ring)
MPRegen 0.10/turn

%: no passive effects
@: lethally poisoned (0 -> -4)
A: no striking features
a: no special abilities


You were on level 3 of the Dungeon.
You visited 1 branch of the dungeon, and saw 3 of its levels.

You collected 45 gold pieces.


   Skills:
 - Level 1.5 Fighting
 + Level 8.8 Ranged Weapons
 - Level 2.4 Dodging
 - Level 1.2 Stealth


You had 4 spell levels left.
You didn't know any spells.
Your spell library was empty.

Inventory:

Hand Weapons
 a - a +0 shortbow (weapon)
Armour
 c - a +0 leather armour (worn)
 d - a +0 helmet
 e - a +0 pair of gloves (worn)
Jewellery
 f - an amulet of reflection
 j - an amulet of guardian spirit
Scrolls
 b - a scroll of teleportation {unknown}
Potions
 g - 2 potions of might
 h - a potion of curing {unknown}
 i - a potion of magic {unknown}

Dungeon Overview and Level Annotations

Branches:
Dungeon (3/15)

Altars:
Elyvilon


Message History

j - an amulet of guardian spirit
Found an escape hatch in the ceiling.
Found a stone staircase leading up.
Enter note: Terence the Incautious comes into view.
He is wielding a +2 trident of venom.
There is a stone staircase leading down here.
You shoot an arrow.
The arrow hits Terence but does no damage.
Terence shouts!
You shoot an arrow. The arrow hits Terence.
Terence is lightly wounded.
You shoot an arrow.
The arrow hits Terence but does no damage.
Terence is lightly wounded.
You shoot an arrow. The arrow hits Terence!
Terence is severely wounded.
Terence says, "Rest in peace."
You shoot an arrow.
The arrow hits Terence but does no damage.
Terence is severely wounded.
You shoot an arrow. The arrow closely misses Terence.
Terence hits you from afar with a +2 trident of venom!
You are poisoned.
You shoot an arrow. The arrow barely misses Terence.
You feel very sick. Terence barely misses you.
You shoot an arrow. The arrow hits Terence.
Terence is almost dead.
You feel sick.
Terence hits you from afar with a +2 trident of venom!
You shoot an arrow.
The arrow hits Terence but does no damage.
Terence is almost dead.
You feel sick. Terence closely misses you.
You shoot an arrow. The arrow hits Terence.
You kill Terence!
You feel sick.
There is a lethal amount of poison in your body!
You feel sick.
There is a lethal amount of poison in your body!
You die...

##### ### #...#
######...#
###...####.........
#.......##.##.<....
#..........@.).....
#.......##..#.<....
###..%####..# #...#
#...# #..# ..#
##.## #..# # #.#
#.$# #.# #...
#.######.#
##........


There were no monsters in sight!

Vanquished Creatures
  A phantom (D:2)
  Terence (D:3)
  Natasha (D:3)
  2 dart slugs
  4 bats (D:1)
  3 endoplasms
  5 goblins
  3 hobgoblins (D:1)
  4 quokkas
  4 ball pythons
  5 frilled lizards
  6 kobolds
  7 rats
46 creatures vanquished.

Notes
Turn   | Place    | Note
-------+----------+-------------------------------------------
     0 | D:1      | qw the Deep Elf Hunter began the quest for the Orb.
     0 | D:1      | Reached XP level 1. HP: 12/12 MP: 3/3
     0 | D:1      | 0 ||| qw: Version: 0.3-a-160-g6735b56
     0 | D:1      | 0 ||| qw: Game counter: 5335
     0 | D:1      | 0 ||| qw: Melee chars always use a shield: true
     0 | D:1      | 0 ||| qw: God list: Okawaru
     0 | D:1      | 0 ||| qw: Allow faded altars: false
     0 | D:1      | 0 ||| qw: Do Orc after clearing Dungeon:15 true
     0 | D:1      | 0 ||| qw: Do second Lair branch before Depths: true
     0 | D:1      | 0 ||| qw: Lair rune preference: random
     0 | D:1      | 0 ||| qw: Goals: Normal
     0 | D:1      | 0 ||| PLANNING D:1-11
   116 | D:1      | Reached XP level 2. HP: 16/16 MP: 4/4
   211 | D:1      | Reached skill level 6 in Ranged Weapons
   357 | D:1      | Found a faded altar of an unknown god.
   411 | D:1      | Reached XP level 3. HP: 20/20 MP: 5/5
   539 | D:1      | 539 ||| UPGRADING to +0 pair of gloves.
   544 | D:1      | 544 ||| READING scroll labelled NIKOOV SEPN.
   579 | D:1      | 579 ||| READING scroll labelled DOVVEXZUROCS.
   580 | D:1      | 580 ||| READING scroll labelled FUOXZO SUOTH.
   580 | D:1      | 580 ||| IDENTIFYING fizzy blue potion
   581 | D:1      | 581 ||| READING 2 scrolls labelled TENERI FOAG.
   682 | D:1      | 682 ||| DRINKING 2 murky amethyst potions.
   683 | D:1      | 683 ||| DROPPING scroll of butterflies.
   684 | D:1      | 684 ||| DROPPING scroll of vulnerability.
   733 | D:2      | Identified the +6 short sword of Chaos {flame, rC+ Stlth+}
   834 | D:2      | Noticed a phantom
   847 | D:2      | HP: 4/20 [phantom (3)]
   848 | D:2      | 848 ||| DRINKING potion of heal wounds.
   858 | D:2      | Killed a phantom
   859 | D:2      | Reached skill level 8 in Ranged Weapons
   859 | D:2      | Reached XP level 4. HP: 17/25 MP: 6/6
  1033 | D:2      | Identified the +2 plate armour "Zuuthrou" {^Contam Rampage
                  | rC+ Will+}
  1640 | D:2      | 1640 ||| READING 2 scrolls of identify.
  1640 | D:2      | 1640 ||| IDENTIFYING fuming black potion
  1641 | D:2      | 1641 ||| READING scroll of identify.
  1641 | D:2      | 1641 ||| IDENTIFYING blue potion
  1642 | D:2      | 1642 ||| READING scroll labelled BOXIXKOMOTE.
  1643 | D:2      | 1643 ||| DROPPING potion of brilliance.
  1644 | D:2      | 1644 ||| DROPPING potion of ambrosia.
  1768 | D:3      | Found a white marble altar of Elyvilon.
  1871 | D:3      | Noticed Natasha
  1879 | D:3      | Killed Natasha
  1880 | D:3      | Reached XP level 5. HP: 20/29 MP: 7/7
  1932 | D:3      | Noticed Terence
  1940 | D:3      | HP: 5/29 [Terence/+2 trident of venom (10)]
  1942 | D:3      | Killed Terence
  1942 | D:3      | HP: 2/29 [poisoned by Terence]
  1944 | D:3      | Succumbed to Terence's poison

Levels and vault maps discovered:
D:1:      heliophobic_arrival_enchanted_forest, layout_basic,
          shapermc_ecumenical_altar_acropolis
D:2:      layout_basic
D:3:      layout_loops_ring, elyvilon_altar_1, uniq_terence, uniq_natasha,
          uniq_jessica

Skill      XL: |  1  2  3 |
---------------+----------+-----
Ranged Weapons | 6 8 |  8.8
Fighting       | |  1.5
Dodging        | |  2.4
Stealth        | |  1.2

Action                     |  1- 3 |  4- 6 || total
---------------------------+-------+-------++-------
   Fire: Shortbow          |    89 |    61 ||   150
    Use: Scroll            |     4 |     3 ||     7
         Potion            |     2 |       ||     2
 Armour: Leather armour    |    16 |     8 ||    24
  Dodge: Dodged            |    24 |    10 ||    34

Table legend:
 A = Non-vault XP
 B = Vault XP
 C = Vault XP percentage of total XP
 D = Non-vault monster count
 E = Vault monster count
 F = Vault count percentage of total count
                 A         B        C        D         E       F
            +---------+---------+-------+---------+---------+-------
      Total |     181 |      71 |  28.2 |      44 |       2 |   4.3
            +---------+---------+-------+---------+---------+-------
        D:1 |      43 |       0 |   0.0 |      24 |       0 |   0.0
        D:2 |     133 |       0 |   0.0 |      16 |       0 |   0.0
        D:3 |       5 |      71 |  93.4 |       4 |       2 |  33.3
            +---------+---------+-------+---------+---------+-------
